Map: Old Republic LE

Players

DnS

  • Race: Protoss Protoss
  • Spawn Location: 7:00

A.I. 1 (Very Easy) - Winner!

  • Race: Terran Terran
  • Spawn Location: 1:00

VOD

Have the link to the VOD?

Description

Time

  • Played on: Jan. 12, 2026, 3:40 a.m.
  • Length: 10:52
Show
View Real Time Build Order
Export as new Build Order

DnS Protoss 

Build Orders: 1 Gate Expand, Zealot Archon, Colossus Rush 

Get SALT Encoding   

  12  0:00  Probe  
  13  0:12  Probe  
  14  0:17  Pylon  
  14  0:24  Probe  
  15  0:32  Probe  
  15  0:38  Gateway  
  15  0:40  Probe  
  16  0:46  Assimilator  
  17  0:51  Probe  
  18  1:03  Probe  
  19  1:15  Probe  
  20  1:26  Cybernetics Core  
  20  1:34  Nexus  
  20  1:36  Probe  
  21  1:44  Pylon  
  21  1:48  Probe  
  21  1:53  Stalker  
  22  1:54  Assimilator  
  22  2:00  Probe  
  23  2:05  Warp Gate  
  25  2:12  Probe  
  26  2:21  Sentry  
  26  2:24  Probe  
  29  2:36  Probe  
  30  2:44  Robotics Facility, Probe  
  30  2:45  Probe  
  30  2:51  Stalker  
  32  2:52  Probe  
  32  2:53  Probe  
  36  3:02  Probe  
  36  3:03  Probe  
  38  3:14  Probe  
  38  3:15  Gateway, Probe  
  38  3:16  Gateway  
  40  3:26  Probe  
  41  3:27  Probe  
  41  3:28  Shield Battery  
  42  3:38  Observer, Probe  
  42  3:39  Probe  
  45  3:49  Pylon  
  45  3:50  Probe  
  45  3:52  Assimilator  
  45  3:54  Assimilator  
  46  3:57  Robotics Bay  
  46  4:04  Immortal  
  46  4:07  Pylon, Probe x2  
  52  4:19  Probe  
  53  4:33  Probe x2  
  55  4:39  Colossus  
  55  4:45  Probe  
  56  4:54  Extended Thermal Lance  
  62  5:00  Pylon  
  62  5:14  Nexus  
  62  5:15  Pylon  
  62  5:17  Forge, Twilight Council  
  62  5:26  Colossus  
  62  5:30  Protoss Ground Weapons Level 1  
  62  5:34  Pylon, Probe x2  
  70  5:43  Charge  
  70  5:48  Gateway  
  70  5:49  Gateway  
  70  5:51  Gateway  
  70  5:53  Gateway  
  70  5:56  Gateway  
  70  5:57  Stalker x3, Gateway  
  76  6:10  Colossus  
  82  6:26  Pylon  
  82  6:27  Pylon  
  82  6:29  Templar Archives  
  82  6:31  Probe x2  
  82  6:32  Probe  
  85  6:46  Zealot x6  
  97  6:58  Probe x3  
  97  7:01  Zealot x3  
  106  7:08  Pylon  
  106  7:09  Pylon  
  106  7:13  High Templar  
  106  7:14  High Templar  
  110  7:19  Archon  
  110  7:26  High Templar  
  112  7:37  Warp Prism  
  112  7:39  High Templar  
  112  7:43  Archon  
  114  7:44  Zealot x2  
  114  7:45  Zealot x4  
  128  7:55  Pylon  
  128  7:56  Pylon  
  128  7:57  Pylon  
  68  7:58  Protoss Ground Weapons Level 2  
  128  7:59  Pylon  
  128  8:05  High Templar x2  
  128  8:10  Archon  
  132  8:45  Zealot x2  
  132  8:46  Zealot x7  
  150  9:12  Zealot x7  
  164  9:19  Pylon x2  
  164  9:21  Pylon  
  164  9:22  Pylon  
  164  9:38  Zealot x3  
  164  9:39  Zealot x6  
  182  10:01  Zealot x7  
Show
View Real Time Build Order
Export as new Build Order

A.I. 1 (Very Easy) Terran - Winner!

Build Orders:  

Get SALT Encoding   

  12  0:00  SCV  
  13  0:13  SCV  
  14  0:18  Supply Depot  
  14  0:37  Refinery  
  14  0:41  Barracks  
  14  1:03  Supply Depot  
  14  1:12  Refinery  
  14  1:28  SCV  
  14  1:29  Marine  
  16  1:41  SCV  
  17  1:53  SCV  
  18  1:59  Marine  
  19  2:05  SCV  
  20  2:17  SCV  
  21  2:29  SCV, Marine  
  23  2:41  Orbital Command  
  23  5:37  SCV, Marine  
  23  5:39  Supply Depot  
  23  5:42  Factory  
  25  6:01  SCV  
  26  6:04  Supply Depot  
  26  6:10  Barracks Tech Lab  
  26  6:13  SCV  
  25  6:25  SCV  
  25  6:28  Marine  
  25  6:29  Starport  
  26  6:37  SCV  
  27  6:41  Command Center  
  27  7:01  Marine  
  28  7:05  Starport Tech Lab  
  28  7:25  Raven  
  30  7:34  Marauder  
  32  7:55  SCV  
  33  7:59  Raven  
  33  8:02  SCV  
  33  8:04  Refinery  
  36  8:06  Marine  
  36  8:08  Refinery  
  36  8:09  SCV  
  38  8:16  SCV  
  39  8:24  SCV  
  40  8:31  SCV  
  41  8:38  SCV  
  42  8:45  SCV  
  43  8:52  SCV  
  44  9:00  SCV  
  45  9:07  SCV  
  46  9:14  SCV  
  47  9:21  SCV  
  48  9:29  SCV  
  49  9:36  SCV  
  50  9:48  Marine  
  50  9:50  Supply Depot  
  50  9:51  Raven  
  50  9:52  SCV  
  24  10:04  SCV  
  23  10:16  SCV, Marine  
  25  10:29  SCV  
Tags
 
Composition
Zealot Archon
Matchup
PvT
Player
DnS
Spawn Locations
Cross Positions
Add a new tag
Caveats
  • Supply blocks, unpowered buildings, or Contaminate may cause inaccurate times.
  • Supply counts are checked every 10 seconds.